 Dungeon Crawl Stone Soup version 0.17-a0-1210-g1e4f09d (webtiles) character file.

4379 patman the Fighter (level 10, 0/129 HPs)
             Began as a Human Chaos Knight on June 3, 2015.
             Slain by an apocalypse crab (17 damage)
             ... on level 1 of the Abyss.
             The game lasted 00:26:53 (9419 turns).

patman the Fighter (Human Chaos Knight)             Turns: 9419, Time: 00:26:53

Health: 0/129      AC: 25    Str: 10      XL:     10   Next: 60%
Magic:  19/19      EV:  2    Int: 13      God:    Xom [..*...]
Gold:   1336       SH:  0    Dex: 14 (15) Spells: 0 memorised, 9 levels left

rFire  . . .     SeeInvis .     R - +2 flail (holy)
rCold  . . .     Clarity  .     (armour currently unavailable)
rNeg   + + +     SustAt   .     (no shield)
rPois  +         Gourm    .     (helmet currently unavailable)
rElec  +         Spirit   .     (cloak currently unavailable)
rCorr  .         Warding  .     (gloves currently unavailable)
rMut   .         NoTele   +     (boots currently unavailable)
MR     .....                    (no amulet)
Stlth  ++........               C - ring "Guetuwa" {+Blink rElec MP+9 Str-3 Stlth+}
                                r - +1 ring of evasion

@: tree-form (expiring), very slightly contaminated, hasted, very quick, not
resistant to hostile enchantments, unstealthy
A: (horns 0)
a: Renounce Religion, Evoke Blink


You were on level 1 of the Abyss.
You worshipped Xom.
You were a toy of Xom.
You were not hungry.
You were a tree.
You visited 1 branch of the dungeon, and saw 8 of its levels.
You visited the Abyss 1 time.
You also visited: Sewer.

You collected 1336 gold pieces.

Inventory:

Hand weapons
 a - a +0 mace of chaos
 b - a +1 dagger of venom
 j - a +2 short sword of draining
 p - a +3 quarterstaff
 u - a +0 blowgun
 y - a +1 great mace
 D - a +0 flail
 I - a +0 mace of draining
 J - a +0 long sword
 L - a +2 battleaxe
 R - a +2 flail of holy wrath (weapon)
 S - a +0 great sword
 W - a +2 hand axe of electrocution
Missiles
 v - 38 poisoned needles
 G - 2 javelins (quivered)
Armour
 g - a +0 pair of gloves (melded)
 i - a +2 leather armour (melded)
 t - a +0 helmet
 B - a +0 cloak
 M - a +0 plate armour
Jewellery
 d - an uncursed ring of fire
 l - an uncursed ring of fire
 r - a +1 ring of evasion (left branch)
 C - the ring "Guetuwa" (right branch) {+Blink rElec MP+9 Str-3 Stlth+}
   (You found it on level 4 of the Dungeon)

   [ring of stealth]

   It affects your strength (-3).
   It insulates you from electricity.
   It affects your magic capacity (+9).
   It lets you blink.
   It makes you more stealthy.
 K - an uncursed ring of positive energy
Magical devices
 w - a wand of teleportation (7)
 Q - a wand of slowing (0)
Scrolls
 e - 2 scrolls of remove curse
 h - a scroll of teleportation
 k - a scroll of recharging
 o - 4 scrolls of amnesia
 A - a scroll of enchant weapon
 F - a scroll of noise
Potions
 n - a potion of brilliance
 x - a potion of magic
 E - 2 potions of poison {unknown}
 H - 2 potions of lignification
 N - a potion of mutation {unknown}
 O - a potion of might {unknown}
 P - a potion of ambrosia {unknown}
 T - a potion of cancellation {unknown}
 U - a potion of curing {unknown}
Books
 z - Xom's Tome of Good Intentions
   (Xom gifted it to you on level 1 of the Abyss)

   Spells                             Type                      Level
   a - Pain                           Necromancy                   1
   b - Sublimation of Blood           Necromancy                   2
   c - Bolt of Draining               Conjuration/Necromancy       5
   d - Dispel Undead                  Necromancy                   5
   e - Simulacrum                     Ice/Necromancy               6
Comestibles
 c - 7 bread rations
 f - 6 fruits


   Skills:
 * Level 10.6 Fighting
 - Level 4.2 Maces & Flails
 - Level 2.0 Armour
 * Level 10.2 Dodging


You had 9 spell levels left.
You didn't know any spells.

Dungeon Overview and Level Annotations

Branches:
Dungeon (8/15)             Temple (0/1) D:6
   Lair: D:8-11

Altars:
Cheibriados
Dithmenos
Kikubaaqudgha
Makhleb
Sif Muna
Trog
Xom
Yredelemnul
The Shining One

Shops:
D:5 :


Innate Abilities, Weirdness & Mutations

((You have a pair of small horns on your head.))


Message History

The flying skull hits you but does no damage. x3
You are very lightly contaminated with residual magic.
Unknown command.
Unknown command.
You hit the apocalypse crab but do no damage.
The flying skull hits you but does no damage.
The apocalypse crab bites you but does no damage.
The apocalypse crab claws you but does no damage.
The flying skull hits you but does no damage.
Unknown command.
You barely miss the apocalypse crab.
Your transformation is almost over.
The flying skull barely misses you. The flying skull hits you.
* * * LOW HITPOINT WARNING * * *
The flying skull hits you but does no damage.
The apocalypse crab bites you!
* * * LOW HITPOINT WARNING * * *
The apocalypse crab freezes you!
You die...
Xom roars with laughter!

#.# #.# §# #.
# #.⌠ #.⌠.# ⌠
#. .# ..#.#
#.# #.⌠.⌠# . .
.⌠.#. .#. ...#
# ' . .#.#
#.#.⌠ ⌠ #.#.
.#.⌠.#.⌠.#...#
. . #
#z#.#.#.# ## #
# #.. #zz.# .
. . # .#
###♣t#.# # .
#. #...##### .
. .# ###3# ♣ #
. # # ..# .
..#.. . #
##.##. # ... .
.## . .. .


You could see an apocalypse crab, a neqoxec (confused) and 3 flying skulls.

Vanquished Creatures
  A sixfirhy (Abyss:1)
  An orange demon (Abyss:1)
  Prince Ribbit (D:5)
  A flying skull (Abyss:1)
  2 hungry ghosts (D:3)
  Edmund (D:6)
  3 ogres
  3 phantoms
  An ice beast (D:7)
  4 orc warriors
  A centaur (D:7)
  A crocodile (D:8)
  A small abomination (Abyss:1)
  3 giant frogs
  A big kobold (D:7)
  A scorpion (D:4)
  2 vampire bats (D:2)
  6 wights
  2 crimson imps
  3 hounds (D:4)
  A gnoll shaman (D:6)
  5 iguanas
  2 worker ants
  2 orc priests
  7 orc wizards
  A mummy (D:5)
  Robin (D:3)
  5 gnolls (D:6)
  A worker ant zombie (D:8)
  14 adders
  A white imp (D:6)
  3 shadow imps
  A giant eyeball (D:1)
  An ufetubus (D:6)
  An ooze (D:6)
  An adder skeleton (D:6)
  3 worms
  8 giant geckos
  19 orcs
  5 ball pythons
  4 bat skeletons
  5 bat zombies
  12 giant cockroaches
  17 hobgoblins
  6 jackals
  7 quokkas
  17 bats
  2 giant gecko skeletons
  6 giant newts
  17 goblins
  9 kobolds
  16 rats
239 creatures vanquished.

Vanquished Creatures (collateral kills)
  A water moccasin (D:5)
  An ogre (D:5)
  A worker ant (D:5)
3 creatures vanquished.

Vanquished Creatures (others)
  A quasit (D:5)
  A shadow imp (D:5)
  A white imp (D:5)
  An ufetubus (D:6)
  2 starspawn tentacles (Abyss:1)
6 creatures vanquished.

Grand Total: 248 creatures vanquished

Notes
Turn   | Place    | Note
--------------------------------------------------------------
     0 | D:1      | patman the Human Chaos Knight began the quest for the Orb.
     0 | D:1      | Reached XP level 1. HP: 18/18 MP: 1/1
     9 | D:1      | XOM: divination: magic mapping
    81 | D:1      | XOM: harmless Tloc miscast
   119 | D:1      | XOM: potion effect (haste)
   122 | D:1      | Reached XP level 2. HP: 24/24 MP: 2/2
   913 | D:1      | Reached skill level 4 in Maces & Flails
   913 | D:1      | Reached XP level 3. HP: 25/29 MP: 3/3
  1071 | D:2      | Found a glowing golden altar of the Shining One.
  1529 | D:2      | Found an ancient bone altar of Kikubaaqudgha.
  1529 | D:2      | Noticed a vampire bat
  1530 | D:2      | Noticed a vampire bat
  1535 | D:2      | Killed a vampire bat
  1535 | D:2      | Reached XP level 4. HP: 28/35 MP: 4/4
  1546 | D:2      | XOM: potion effect (haste)
  1550 | D:2      | Killed a vampire bat
  1550 | D:2      | Reached XP level 5. HP: 31/42 MP: 5/5
  1597 | D:2      | XOM: fake destruction
  1622 | D:2      | XOM: vitrification
  1798 | D:2      | XOM: enchant monster (good)
  2180 | D:3      | Noticed a hungry ghost
  2205 | D:3      | Killed a hungry ghost
  2205 | D:3      | Reached XP level 6. HP: 25/50 MP: 6/6
  2214 | D:3      | Killed a hungry ghost
  2214 | D:3      | Reached skill level 5 in Fighting
  2214 | D:3      | Reached XP level 7. HP: 25/56 MP: 7/7
  2462 | D:3      | Noticed Robin
  2473 | D:3      | XOM: enchant monster (good)
  2480 | D:3      | Killed Robin
  2981 | D:4      | Found a basalt altar of Yredelemnul.
  2997 | D:4      | XOM: fog
  3097 | D:4      | Reached skill level 5 in Dodging
  3188 | D:4      | Reached skill level 6 in Fighting
  3275 | D:4      | Found a bloodstained altar of Trog.
  3278 | D:4      | Found a shimmering altar of Xom.
  3320 | D:4      | Found a glowing drain.
  3325 | Sewer    | Entered a sewer
  3349 | Sewer    | XOM: give mutations
  3349 | Sewer    | Gained mutation: You have a pair of small horns on your head. [Xom's mischief]
  3349 | Sewer    | Gained mutation: You tend to lose your temper in combat. [Xom's mischief]
  3349 | Sewer    | Lost mutation: You tend to lose your temper in combat. [Xom's mischief]
  3604 | Sewer    | XOM: silly message
  3614 | Sewer    | Reached XP level 8. HP: 26/65 MP: 8/8
  3635 | Sewer    | XOM: silly message
  3684 | Sewer    | XOM: divination: detect creatures
  3699 | Sewer    | XOM: cast spell 'Ice Form'
  4182 | D:4      | Got a faintly glowing lapis lazuli ring
  4204 | D:4      | Identified the ring "Guetuwa" {+Blink rElec MP+9 Str-3 Stlth+} (You found it on level 4 of the Dungeon)
  4250 | D:4      | XOM is BORED!
  4250 | D:4      | XOM: harmless Hex miscast
  4291 | D:4      | XOM: vitrification
  4331 | D:5      | Entered Level 5 of the Dungeon
  4501 | D:5      | XOM: summons 8 friendly demons
  4518 | D:5      | Reached skill level 7 in Fighting
  4523 | D:5      | Found Hiojef's Book Boutique.
  4620 | D:5      | XOM: god gift: 880 gold pieces
  4629 | D:5      | Noticed Prince Ribbit
  4630 | D:5      | XOM: divination: detect items
  4765 | D:5      | XOM: summons 5 friendly demons
  4915 | D:5      | Killed Prince Ribbit
  5040 | D:5      | XOM: medium Divn miscast
  5072 | D:5      | Found a snail-covered altar of Cheibriados.
  5204 | D:5      | XOM: scenery: 2 doors open
  5296 | D:5      | XOM: colour smoke trail
  5659 | D:5      | XOM: stat loss: -1 Dex (14/15)
  5670 | D:5      | XOM: harmless Trmt miscast
  5677 | D:5      | Reached XP level 9. HP: 47/73 MP: 9/9
  5735 | D:5      | XOM: smoke on damage
  5834 | D:5      | XOM: colour smoke trail
  6048 | D:5      | XOM: colour smoke trail
  6105 | D:6      | Reached skill level 8 in Fighting
  6147 | D:6      | Found a deep blue altar of Sif Muna.
  6147 | D:6      | XOM: 1-stop teleportation journey
  6155 | D:6      | XOM: summons 4 hostile demons
  6195 | D:6      | XOM: 1-stop teleportation journey
  6222 | D:6      | XOM: chaos cloud
  6233 | D:6      | XOM: noise
  6242 | D:6      | XOM: enchant monster (bad)
  6257 | D:6      | XOM: summons 2 friendly demons
  6523 | D:5      | XOM: divination: detect creatures
  6851 | D:6      | Found a staircase to the Ecumenical Temple.
  6955 | D:6      | Noticed Edmund
  6980 | D:6      | Killed Edmund
  7091 | D:6      | XOM: cast spell 'Statue Form'
  7198 | D:6      | Reached skill level 9 in Fighting
  7773 | D:7      | XOM: noise
  7788 | D:7      | XOM: silly message
  7823 | D:7      | XOM: potion effect (heal wounds)
  7839 | D:7      | Found a burning altar of Makhleb.
  7880 | D:7      | Reached XP level 10. HP: 83/83 MP: 10/10
  8137 | D:7      | XOM: cast spell 'Beastly Appendage'
  8175 | D:7      | XOM: cast spell 'Summon Small Mammal'
  8361 | D:7      | Found a shadowy altar of Dithmenos.
  8856 | D:8      | Reached skill level 10 in Fighting
  8883 | D:8      | XOM is BORED!
  8883 | D:8      | XOM: mild Trmt miscast
  8914 | D:8      | XOM: divination: detect items
  8960 | D:8      | XOM: mild Conj miscast
  9023 | D:7      | XOM: silly message
  9041 | D:7      | XOM: medium Tloc miscast
  9041 | D:7      | Cast into the Abyss (the capriciousness of Xom)
  9058 | Abyss:1  | Found a snail-covered altar of Cheibriados.
  9085 | Abyss:1  | Noticed a worldbinder
  9086 | Abyss:1  | XOM: medium Ice miscast
  9088 | Abyss:1  | XOM: summons 3 hostile shadow creatures
  9089 | Abyss:1  | Noticed a tentacled starspawn
  9095 | Abyss:1  | XOM: confuse monster(s)
  9096 | Abyss:1  | Noticed a spatial maelstrom
  9252 | Abyss:1  | XOM: god gift: engraved book {god gift}
  9253 | Abyss:1  | Identified Xom's Tome of Good Intentions (Xom gifted it to you on level 1 of the Abyss)
  9254 | Abyss:1  | XOM: scenery: create altars
  9265 | Abyss:1  | Noticed an orange demon
  9269 | Abyss:1  | Noticed a frost giant simulacrum
  9271 | Abyss:1  | Killed an orange demon
  9272 | Abyss:1  | Noticed a spatial maelstrom
  9274 | Abyss:1  | XOM: divination: magic mapping
  9369 | Abyss:1  | Noticed an apocalypse crab
  9370 | Abyss:1  | Noticed a large abomination
  9383 | Abyss:1  | Noticed a sixfirhy
  9383 | Abyss:1  | a blue devil changed into a sixfirhy
  9383 | Abyss:1  | XOM: polymorph blue devil -> sixfirhy
  9388 | Abyss:1  | XOM: mild Divn miscast
  9390 | Abyss:1  | XOM: confuse monster(s)
  9400 | Abyss:1  | XOM: silly message
  9401 | Abyss:1  | XOM: divination: magic mapping
  9403 | Abyss:1  | Killed a sixfirhy
  9403 | Abyss:1  | Reached skill level 10 in Dodging
  9413 | Abyss:1  | XOM: enchant monster (good)
  9419 | Abyss:1  | Slain by an apocalypse crab

Vault maps used:
D:1:      dpeg_arrival_lava_altar, corexii_item_surrounded_by_moat,
          grunt_decor_arrowhead, wad_floor_pattern_1, kennysheep_nondescript
D:2:      kennysheep_vampire_church, nrook_loot_triangle, st_stairs_11,
          glass_columns_a, nicolae_tso_swordbearing_angel
D:3:      first_bread, uniq_robin
D:4:      yredelemnul_altar_generic, minitemple, portal_sewer_entry_e
D:5:      slow_altar_1, serial_shops, kennysheep_mini, glass_columns_a,
          eino_tiny_chamber, uniq_prince_ribbit1
D:6:      kennysheep_orc_sif_temple, minmay_temple_entry_enclosed_plants,
          hangedman_abyss_or_decor_passed, uniq_edmund
D:7:      old_standard_altar, bloody_makhleb
D:8:      lemuel_round_altar, grunt_lair_entry_elf_guard_hut
Sewer:    sewer_frog_island_01

Action                   |  1- 3 |  4- 6 |  7- 9 | 10-12 || total
-------------------------+-------+-------+-------+-------++-------
Melee: Mace              |    81 |    33 |   123 |       ||   237
       Dagger            |     2 |    87 |   465 |   149 ||   703
       Flail             |       |       |    16 |    33 ||    49
Throw: Javelin           |       |       |     4 |       ||     4
Evoke: Wand              |       |       |       |     2 ||     2
  Use: Scroll            |     3 |     5 |     8 |     4 ||    20
       Potion            |     1 |       |       |     4 ||     5
 Stab: Paralysed         |     2 |     2 |       |       ||     4
       Distracted        |       |     1 |     1 |     1 ||     3
       Confused          |       |     1 |       |     1 ||     2
       Sleeping          |       |       |     2 |     3 ||     5
  Eat: Meat ration       |     1 |       |     2 |     1 ||     4
       Pizza             |     1 |       |       |       ||     1
       Chunk             |       |       |     9 |       ||     9
       Beef jerky        |       |       |     3 |       ||     3
